 Dungeon Crawl Stone Soup version 0.14.0-18-g0341e45 (webtiles) character file.

181 Qrupt the Firebug (level 4, -3/30 HPs)
             Began as a Mummy Fire Elementalist on Apr 20, 2014.
             Slain by an orc
             ... wielding a +4,+0 flail of distortion
              (22 damage)
             ... on Level 3 of the Dungeon.
             The game lasted 00:06:57 (2117 turns).

Qrupt the Firebug (Mummy Fire Elementalist)         Turns: 2117, Time: 00:06:57

HP  -3/30        AC  2     Str 11      XL: 4   Next: 26%
MP   3/8         EV 12     Int 15      God:
Gold 95          SH  0     Dex 12      Spells:  2 memorised,  4 levels left

rFire  x . .     SeeInvis .     d - +1,+0 short sword (vamp)
rCold  + . .     Clarity  .     a - +0 robe
rNeg   + + +     Conserve .     (no shield)
rPois  +         rCorr    .     (no helmet)
rElec  .         rRot     +     (no cloak)
SustAb . .       Spirit   .     (no gloves)
rMut   .         Warding  .     (no boots)
Saprov . . .     Stasis   .     (no amulet)
MR     .....                    (no ring)
                                (no ring)

@: not resistant to hostile enchantments, unstealthy
A: no food or potions, fire vulnerability, restore body, cold resistance 1, life
protection 3, poison resistance, torment resistance, unbreathing
a: no special abilities


You were on level 3 of the Dungeon.
You were not hungry.

You visited 1 branch of the dungeon, and saw 3 of its levels.

You collected 95 gold pieces.

Inventory:

Hand weapons
 d - a +1,+0 vampiric short sword (weapon)
Armour
 a - a +0 robe (worn)
Magical devices
 j - a wand of digging (2)
Scrolls
 c - 6 scrolls of identify {unknown}
 e - a scroll of teleportation {unknown}
 f - 2 scrolls of random uselessness {unknown}
 g - 3 scrolls of remove curse {unknown}
 i - a scroll of enchant weapon II {unknown}
Jewellery
 h - an uncursed ring of sustain abilities {unknown}
Books
 b - a book of Flames

   Spells                             Type                      Level
   *Flame Tongue                      Conjuration/Fire             1
   Throw Flame                        Conjuration/Fire             2
   *Conjure Flame                     Conjuration/Fire             3
   Inner Flame                        Hexes/Fire                   3
   Sticky Flame                       Conjuration/Fire             4
   Fireball                           Conjuration/Fire             5


   Skills:
 - Level 1.5 Dodging
 - Level 1.5 Stealth
 + Level 2.9 Spellcasting
 + Level 2.1 Conjurations
 + Level 3.0 Fire Magic


You had 4 spell levels left.
You knew the following spells:

 Your Spells              Type           Power        Failure   Level  Hunger
a - Flame Tongue          Conj/Fire      ##...        10%         1    N/A
b - Conjure Flame         Conj/Fire      ##......     24%         3    N/A

Dungeon Overview and Level Annotations

Branches:
Dungeon (3/15)

Altars:


Innate Abilities, Weirdness & Mutations

You do not eat or drink.
Your flesh is vulnerable to fire.
Your flesh is cold resistant.
You are immune to negative energy.
Your system is resistant to poisons.
You are immune to unholy pain and torment.
You can survive without breathing.


Message History

Confirm with . or Enter, or press ? or * to list all spells.
Aiming: Flame Tongue
Press: ? - help, Shift-Dir - straight line, f/p - bat skeleton
Aim: a bat skeleton The flame tongue hits the bat skeleton.
You destroy the bat skeleton!
Casting: Flame Tongue
Confirm with . or Enter, or press ? or * to list all spells.
You can't see any susceptible monsters within range! (Use Z to cast anyway.)
Casting: Flame Tongue
Confirm with . or Enter, or press ? or * to list all spells.
Aiming: Flame Tongue
Press: ? - help, Shift-Dir - straight line, f - quokka
Aim: a quokka The flame tongue hits the quokka.
You kill the quokka!
Your Fire Magic skill increases to level 3!
The orc hits you with a glowing flail! Space warps horribly around you!
Ouch! That really hurt!
You die...

#####'#####
#.........#
#.........#
#.........#
#....%%o..#
#.........#
#.........#
#.......o.#
#.......@.#
+.......###
#####...#
.....#
.......#
......#
.....# ....
.


You could see 2 orcs.

Vanquished Creatures
  Jessica (D:2)
  Terence (D:2)
  2 adders
  A giant gecko (D:2)
  An ooze (D:1)
  A bat skeleton (D:3)
  2 giant cockroaches (D:1)
  4 goblins
  2 hobgoblins
  2 jackals (D:1)
  A quokka (D:3)
  6 bats
  A giant newt (D:1)
  6 kobolds
  5 rats
36 creatures vanquished.

Notes
Turn   | Place    | Note
--------------------------------------------------------------
     0 | D:1      | Qrupt, the Mummy Fire Elementalist, began the quest for the Orb.
     0 | D:1      | Reached XP level 1. HP: 13/13 MP: 3/3
    18 | D:1      | Reached skill level 1 in Conjurations
   269 | D:1      | Reached XP level 2. HP: 10/19 MP: 0/4
  1202 | D:2      | Noticed Terence
  1227 | D:2      | Reached XP level 3. HP: 18/24 MP: 0/6
  1251 | D:2      | Killed Terence
  1411 | D:2      | Noticed Jessica
  1419 | D:2      | Killed Jessica
  1481 | D:2      | Learned a level 3 spell: Conjure Flame
  1689 | D:2      | Reached XP level 4. HP: 30/30 MP: 1/8
  2116 | D:3      | Reached skill level 3 in Fire Magic
  2117 | D:3      | Slain by an orc

Action                   |  1- 3 |  4- 6 || total
-------------------------+-------+-------++-------
Melee: Short sword       |    25 |     7 ||    32
       Unarmed           |     1 |       ||     1
 Cast: Flame Tongue      |    46 |    19 ||    65
Evoke: Wand              |     1 |       ||     1
 Stab: Sleeping          |     1 |       ||     1
       Distracted        |     1 |       ||     1
